Map: Bridgehead LE (Void)

Players

wabbajack - Winner!

  • Race: Zerg Zerg
  • League: Gold

VOD

Have the link to the VOD?

Description

Time

  • Played on: July 21, 2015, 11:47 a.m.
  • Length: 4:04
Show
View Real Time Build Order
Export as new Build Order

wabbajack Zerg - Winner!

Build Orders: Hatch First 

Get SALT Encoding   

  12  0:02  Drone  
  12  0:16  Overlord  
  12  0:20  Drone  
  12  0:25  Drone, Extractor  
  12  0:35  Drone  
  12  0:38  Drone  
  12  0:55  Hatchery  
  12  0:58  Drone  
  12  1:00  Drone  
  12  1:03  Extractor  
  12  1:16  Spawning Pool  
  12  1:19  Drone  
  12  1:22  Drone  
  12  1:32  Drone  
  12  1:43  Drone  
  12  1:55  Overlord  
  12  2:03  Queen  
  12  2:07  Roach Warren  
  12  2:08  Queen  
  12  2:13  Drone  
  12  2:17  Drone  
  12  2:19  Drone  
  12  2:23  Drone  
  12  2:26  Drone  
  12  2:32  Overlord  
  12  2:38  Overlord  
  12  2:50  Roach  
  12  2:51  Roach  
  12  2:53  Roach  
  12  3:03  Roach x2  
  12  3:08  Overlord  
  12  3:20  Roach x3  
  12  3:21  Roach  
  12  3:24  Roach  
  12  3:25  Roach  
  12  3:29  Roach  
Tags
 
Add a new tag
Caveats
  • Supply blocks, unpowered buildings, or Contaminate may cause inaccurate times.
  • Supply counts are checked every 10 seconds.